 Dungeon Crawl Stone Soup version 0.29.0-4-gdea44cf6ec (webtiles) character file.

Game seed: 16220439666677739759

217598 Mahakala the Bludgeoner (level 18, -3/125 HPs)
             Began as a Gargoyle Monk on Aug 26, 2022.
             Was a High Priest of Okawaru.
             Slain by an ettin simulacrum (30 damage)
             ... in an ice cave.
             The game lasted 02:52:37 (39886 turns).

Mahakala the Bludgeoner (Gargoyle Monk)            Turns: 39886, Time: 02:52:38

Health: -3/125     AC: 48    Str: 22    XL:     18   Next: 58%
Magic:  5/11       EV: 12    Int:  7    God:    Okawaru [*****.]
Gold:   2841       SH:  0    Dex: 12    Spells: 17/17 levels left

rFire   . . .      SeeInvis +   u - +5 great mace "Boedatt" {antimagic, rN+ Will+++ rCorr Stlth-}
rCold   . . .      Faith    +   (shield currently unavailable)
rNeg    + + .      Spirit   .   T - +5 plate armour {Will+}
rPois   ∞          Reflect  .   m - +0 helmet
rElec   +          Harm     .   e - +2 cloak {Stlth+}
rCorr   +          Rampage  .   A - +0 pair of gloves
Will    +++++                   N - +0 pair of boots "Biruep" {Regen+ MP+9 Int-5 SInv}
Stlth   ..........              O - amulet of faith {!P}
HPRegen 1.10/turn               S - ring of resist corrosion
MPRegen 0.12/turn               l - ring of willpower

@: mighty, heroic, finesse-ful, flying, studying Throwing
A: sickness immunity, AC +13, big wings, negative energy resistance 1,
electricity resistance, torment resistance 1, petrification resistance
}: 2/15 runes: decaying, gossamer
a: Renounce Religion, Heroism, Finesse, Duel


You were in an ice cave.
You worshipped Okawaru.
Okawaru was extremely pleased with you.
You visited 6 branches of the dungeon, and saw 30 of its levels.
You also visited: Ice Cave.

You collected 3241 gold pieces.
You spent 400 gold pieces at shops.

Inventory:

Hand Weapons
 u - the +5 great mace "Boedatt" (weapon) {antimagic, rN+ Will+++ rCorr Stlth-}
   (Okawaru gifted it to you on level 2 of the Spider Nest)

   It reduces the magical energy of the wielder, and disrupts the spells and
   magical abilities of those it strikes.
   Natural abilities and divine invocations are not affected.
   rN:        It protects you from negative energy.
   rCorr:     It protects you from acid and corrosion.
   Will:      It greatly increases your willpower.
   Stlth:     It makes you less stealthy.
 H - a +2 dire flail of protection
Missiles
 b - 4 silver boomerangs
 g - 3 boomerangs of dispersal
 q - 9 javelins
 s - 32 poisoned darts (quivered)
 w - 19 boomerangs
 C - 8 atropa-tipped darts {!f}
 I - 11 curare-tipped darts {!f}
 Y - 3 throwing nets {!f}
Armour
 e - a +2 cloak of stealth (worn)
 m - a +0 helmet (worn)
 A - a +0 pair of gloves (worn)
 N - the +0 pair of boots "Biruep" (worn) {Regen+ MP+9 Int-5 SInv}
   (Okawaru gifted it to you on level 4 of the Lair of Beasts)

   Int:       It affects your intelligence (-5).
   MP:        It affects your magic capacity (+9).
   SInv:      It lets you see invisible.
   Regen:     It increases your rate of health regeneration.
 T - a +5 plate armour of willpower (worn)
Jewellery
 l - a ring of willpower (right hand)
 O - an amulet of faith (around neck) {!P}
 S - a ring of resist corrosion (left hand)
 V - a ring of protection from fire
 Z - a ring of protection from cold
Wands
 d - a wand of iceblast (35)
 f - a wand of mindburst (28)
 i - a wand of polymorph (1)
 t - a wand of flame (45)
 v - a wand of digging (17)
 Q - a wand of quicksilver (5)
Scrolls
 h - 9 scrolls of identify {@r1}
 j - 5 scrolls of blinking
 x - 4 scrolls of enchant weapon
 y - 4 scrolls of poison
 D - a scroll of silence
 F - a scroll of magic mapping
 G - a scroll of fear
 J - 4 scrolls of immolation {!r}
 M - 9 scrolls of teleportation {@r4}
Potions
 c - 5 potions of might
 n - 15 potions of curing {@q1}
 o - a potion of mutation {!q}
 p - 3 potions of ambrosia
 B - 5 potions of berserk rage
 E - 5 potions of haste {@q3}
 K - a potion of cancellation
 L - 2 potions of invisibility
 P - 4 potions of heal wounds {@q2}
 U - 2 potions of attraction {!q}
 X - a potion of resistance


   Skills:
 - Level 18.0(23.0) Fighting
 * Level 19.7(24.7) Maces & Flails
 - Level 9.0(14.0) Throwing
 - Level 17.0(22.0) Armour
 - Level 7.0(12.0) Dodging
 - Level 7.0(12.0) Stealth
 - Level 10.0 Invocations


You had 17 spell levels left.
You didn't know any spells.
Your spell library contained the following spells:

 Spells                   Type           Power      Damage    Failure   Level
 Apportation              Tloc           0%         N/A       95%         1
 Necrotise                Necr           0%         1d4       95%         1
 Slow                     Hex            0%         N/A       95%         1
 Blink                    Tloc           0%         N/A       98%         2
 Ensorcelled Hibernation  Hex/Ice        0%         N/A       98%         2
 Passwall                 Tmut/Erth      0%         N/A       98%         2
 Wereblood                Tmut           0%         N/A       98%         2
 Confusing Touch          Hex            0%         N/A       100%        3
 Gell's Gravitas          Tloc           0%         N/A       100%        3
 Inner Flame              Hex/Fire       0%         N/A       100%        3
 Lesser Beckoning         Tloc           0%         N/A       100%        3
 Ozocubu's Armour         Ice            0%         N/A       100%        3
 Portal Projectile        Hex/Tloc       0%         N/A       100%        3
 Swiftness                Air            0%         N/A       100%        3
 Teleport Other           Tloc           0%         N/A       100%        3
 Vampiric Draining        Necr           0%         2d6       100%        3
 Cause Fear               Hex            0%         N/A       100%        4
 Corpse Rot               Necr/Pois/Air  0%         N/A       100%        4
 Dispel Undead            Necr           0%         3d6       100%        4
 Ice Form                 Ice/Tmut       0%         N/A       100%        4
 Leda's Liquefaction      Hex/Erth       0%         N/A       100%        4
 Olgreb's Toxic Radiance  Pois           0%         N/A       100%        4
 Agony                    Necr           0%         N/A       100%        5
 Blade Hands              Tmut           0%         N/A       100%        5
 Freezing Cloud           Conj/Ice/Air   0%         6-21      100%        5
 Irradiate                Conj/Tmut      0%         3d11      100%        5
 Manifold Assault         Tloc           0%         N/A       100%        5
 Metabolic Englaciation   Hex/Ice        0%         N/A       100%        5
 Dragon Form              Tmut           0%         N/A       100%        7
 Ozocubu's Refrigeration  Ice            0%         4d7       100%        7
 Borgnjor's Revivificati  Necr           0%         N/A       100%        8
 Discord                  Hex            0%         N/A       100%        8
 Ignition                 Fire           0%         3d3       100%        8
 Necromutation            Tmut/Necr      0%         N/A       100%        8
 Death's Door             Necr           0%         N/A       100%        9
 Summon Small Mammal      Summ           Unusable   N/A       N/A         1
 Sublimation of Blood     Necr           Unusable   N/A       N/A         2
 Call Canine Familiar     Summ           Unusable   N/A       N/A         3
 Tukima's Dance           Hex            Unusable   N/A       N/A         3
 Death Channel            Necr           Unusable   N/A       N/A         6
 Simulacrum               Ice/Necr       Unusable   N/A       N/A         6
 Monstrous Menagerie      Summ           Unusable   N/A       N/A         7
 Summon Hydra             Summ           Unusable   N/A       N/A         7

Dungeon Overview and Level Annotations

Branches:
Dungeon (14/15) Temple (1/1) D:4 Lair (5/5) D:11 Swamp (4/4) Lair:3 Spider (4/4) Lair:2 Slime (0/5) Lair:4 Orc (2/2) D:9 Elf (0/3) Orc:2 Vaults (0/5) D:12 D:13 IceCv (1/1)

Altars:
Ashenzari
Cheibriados
Dithmenos
Elyvilon
Fedhas
Gozag
Hepliaklqana
Kikubaaqudgha
Makhleb
Nemelex Xobeh
Okawaru
Qazlal
Ru
Sif Muna
Trog
Uskayaw
Vehumet
Wu Jian
Xom
Yredelemnul
Zin
The Shining One

Shops:
D:4 [[[[   D:10 =   D:13 **   Orc:2 *?=(

Portals:
Pandemonium: Orc:2

Annotations:
D:7 Joseph
D:9 exclusion: 3 doors
Swamp:4 Lernaean hydra


Innate Abilities, Weirdness & Mutations

You are immune to sickness and miasma.
Your stone body is resilient. (AC +13)
You are immune to poison.
Your large and strong wings let you fly.
You resist negative energy. (rN+)
You are resistant to electric shocks. (rElec)
You are resistant to unholy torment.
You are immune to petrification.


Message History

The dire elephant simulacrum tramples you but does no damage.
The dire elephant simulacrum barely misses you.
You bludgeon the dire elephant simulacrum!!
The dire elephant simulacrum vaporises!
Okawaru accepts your kill.
The golden dragon simulacrum bites you but does no damage.
The golden dragon simulacrum claws you but does no damage.
The golden dragon simulacrum tramples you but does no damage.
You thump the golden dragon simulacrum!
The golden dragon simulacrum is lightly damaged.
The alligator simulacrum bites you but does no damage.
The alligator simulacrum tail-slaps you but does no damage.
You hit the golden dragon simulacrum but do no damage.
The golden dragon simulacrum is lightly damaged.
You thump the golden dragon simulacrum!
The golden dragon simulacrum is moderately damaged.
The lindwurm simulacrum misses you. x2
The lindwurm simulacrum claws you but does no damage.
The golden dragon simulacrum bites you but does no damage.
The golden dragon simulacrum claws you but does no damage.
The golden dragon simulacrum tramples you but does no damage.
The ettin simulacrum hits you but does no damage. x2
The alligator simulacrum closely misses you.
The alligator simulacrum tail-slaps you.
* * * LOW HITPOINT WARNING * * *
The alligator simulacrum freezes you!!
* * * LOW HITPOINT WARNING * * *
Okay, then.
Unknown command.
You feel very mighty all of a sudden.
The alligator simulacrum closely misses you.
The alligator simulacrum misses you.
You bludgeon the golden dragon simulacrum!!
The golden dragon simulacrum is severely damaged.
The lindwurm simulacrum bites you but does no damage.
The lindwurm simulacrum claws you but does no damage. x2
The ettin simulacrum hits you.
* * * LOW HITPOINT WARNING * * *
The ettin simulacrum freezes you!!
You die...

#######
##@ZZ..##
#ZZZ∩...#
#...Z.....#
#...........#
#...........#
#...........#
#.............#
#....8...8....#
#......!......#


You could see 2 alligator simulacra, a lindwurm simulacrum, 2 golden dragon
simulacra and an ettin simulacrum.

Vanquished Creatures
  Nikola (Spider:1)
  Arachne (Spider:3)
  Kirke (D:14)
  5 emperor scorpions
  An orc warlord (Arena)
  7 ghost moths
  Aizul (Spider:2)
  A very ugly thing (IceCv)
  A broodmother (Spider:2)
  4 eleionomae
  4 bunyips
  2 entropy weavers
  3 spark wasps
  Fannar (Lair:3)
  13 boulder beetles
  2 jorogumos
  10 hydras
  Erolcha (D:13)
  A ghost crab (Swamp:1)
  2 demonspawn (Orc:2)
  2 radroaches
  3 catoblepae
  3 centaur warriors
  4 two-headed ogres
  An ogre mage (Orc:1)
  A death knight (D:14)
  7 alligators
  10 death yaks
  7 orc high priests
  13 spriggans
  A sun demon (Orc:2)
  9 goliath frogs
  3 pharaoh ants
  10 steelbarb worms
  A sun moth (Spider:3)
  11 orb spiders
  5 spriggan druids
  5 bog bodies
  8 swamp dragons
  A deep elf archer (D:14)
  12 orc knights
  2 lindwurms
  A deep elf pyromancer (D:12)
  19 wolf spiders
  8 orc sorcerers
  2 ugly things (D:12)
  5 cyclopes
  3 will-o-the-wisps
  A manticore (D:13)
  5 black mambas
  Maurice (D:13)
  5 elephants (Lair:5)
  A torpor snail (Spider:1)
  4 unseen horrors
  13 cane toads
  2 rime drakes
  7 komodo dragons
  An ice devil (Orc:2)
  A freezing wraith (D:14)
  11 demonic crawlers
  A yaktaur (D:11)
  A bloated husk (Swamp:2)
  A meliai (Spider:4)
  A polar bear (Lair:4)
  16 tyrant leeches
  2 trolls
  31 tarantellas
  12 slime creatures
  36 blink frogs
  12 hornets
  Sigmund (D:3)
  23 jumping spiders
  17 culicivoras
  A shadow (D:11)
  A dire elephant simulacrum (IceCv)
  2 wraiths
  16 humans
  4 wyverns
  5 basilisks
  Grum (D:10)
  66 yaks
  25 vampire mosquitoes
  5 hogs (D:14)
  44 redbacks
  Menkaure (D:4)
  A harpy simulacrum (IceCv)
  11 swamp worms
  3 acid dragons
  8 wargs
  2 swamp drakes
  6 water moccasins
  2 sky beasts
  35 orc warriors
  2 ice beasts
  7 ogres
  3 boggarts (D:14)
  21 wolves
  8 centaurs
  A phantom (D:4)
  16 bullfrogs
  4 kobold brigands
  4 gnoll sergeants
  Blork the orc (D:4)
  2 necrophages
  A scorpion (D:6)
  11 wights
  7 killer bees (D:9)
  9 electric eels
  A vampire bat (Lair:4)
  5 howler monkeys
  4 jellies
  A crimson imp (D:5)
  2 lava snakes (Lair:3)
  4 hounds
  28 orc priests
  A gnoll bouda (D:9)
  Crazy Yiuf (D:4)
  Jessica (D:2)
  3 iguanas
  27 orc wizards
  Natasha (thrice) (D:4)
  2 hell rats (D:11)
  24 gnolls
  5 adders
  2 river rats (D:11)
  A shadow imp (D:7)
  3 white imps
  2 ufetubi (D:5)
  2 worms
  3 dart slugs
  93 orcs
  3 endoplasms
  9 giant cockroaches
  9 goblins
  7 hobgoblins
  9 jackals
  23 kobolds
  4 quokkas
  6 ball pythons
  10 bats
  5 frilled lizards (D:1)
  6 rats
1070 creatures vanquished.

Vanquished Creatures (others)
  11 foxfires
  29 fungi
  121 plants
161 creatures vanquished.

Grand Total: 1231 creatures vanquished

Notes
Turn   | Place    | Note
-------+----------+-------------------------------------------
     0 | D:1      | Mahakala the Gargoyle Monk began the quest for the Orb.
     0 | D:1      | Reached XP level 1. HP: 14/14 MP: 1/1
   293 | D:1      | Reached XP level 2. HP: 19/19 MP: 2/2
   510 | D:1      | Reached XP level 3. HP: 24/24 MP: 3/3
   937 | D:1      | Reached skill level 4 in Maces & Flails
  1143 | D:2      | Noticed Jessica
  1448 | D:2      | Killed Jessica
  1449 | D:2      | Reached XP level 4. HP: 23/29 MP: 4/4
  2047 | D:2      | Found a faded altar of an unknown god.
  2194 | D:3      | Found a snail-covered altar of Cheibriados.
  2337 | D:3      | Reached skill level 5 in Maces & Flails
  2337 | D:3      | Reached XP level 5. HP: 10/34 MP: 5/5
  2763 | D:3      | Noticed Sigmund
  2775 | D:3      | Killed Sigmund
  2776 | D:3      | Reached skill level 5 in Fighting
  2776 | D:3      | Reached skill level 6 in Maces & Flails
  2776 | D:3      | Reached XP level 6. HP: 30/40 MP: 6/6
  3142 | D:4      | Got the Grimoire of the Hiemal Map
  3211 | D:4      | Found Olutul's Armour Emporium.
  3247 | D:4      | Found Zisumn's Antique Armour Shoppe.
  3260 | D:4      | Noticed Blork the orc
  3275 | D:4      | Killed Blork the orc
  3276 | D:4      | Reached XP level 7. HP: 40/44 MP: 7/7
  3538 | D:4      | Found a staircase to the Ecumenical Temple.
  3554 | Temple   | Entered the Ecumenical Temple
  3554 | Temple   | Found a transporter.
  3554 | Temple   | Found a transporter.
  3556 | Temple   | Found a transporter.
  3556 | Temple   | Found a transporter.
  3597 | Temple   | Became a worshipper of Warmaster Okawaru
  3597 | Temple   | Reached * piety under Okawaru
  3597 | Temple   | Reached ** piety under Okawaru
  3622 | D:4      | Noticed Menkaure
  3844 | D:4      | Noticed Natasha
  4041 | D:4      | Found Riedon's Armour Emporium.
  4097 | D:4      | Reached skill level 7 in Maces & Flails
  4292 | D:4      | Found Jetepn's Antique Armour Shop.
  4459 | D:4      | Found a runed translucent door.
  4460 | D:4      | Noticed Crazy Yiuf
  4772 | D:5      | Entered Level 5 of the Dungeon
  4779 | D:5      | Reached skill level 1 in Armour
  4925 | D:5      | Found a blossoming altar of Fedhas.
  5092 | D:5      | Reached XP level 8. HP: 33/51 MP: 8/8
  5512 | D:5      | Identified the +3 whip of Zostrone {protect, Will+ Str+4}
  5687 | D:5      | Reached skill level 1 in Invocations
  5718 | D:5      | Found a burning altar of Makhleb.
  5719 | D:5      | Found a radiant altar of Vehumet.
  5746 | D:5      | Found a bloodstained altar of Trog.
  6350 | D:6      | Found a stormy altar of Qazlal.
  6390 | D:6      | Reached skill level 8 in Maces & Flails
  6846 | D:6      | Reached *** piety under Okawaru
  6916 | D:6      | Reached XP level 9. HP: 54/57 MP: 12/12
  7384 | D:7      | Reached skill level 9 in Maces & Flails
  7943 | D:7      | Noticed Joseph
  8087 | D:4      | Killed Menkaure
  8105 | D:4      | Killed Natasha
  8110 | D:4      | Found a shimmering blue altar of Sif Muna.
  8118 | D:4      | Found a hide-covered altar of Uskayaw.
  8171 | D:4      | Killed Crazy Yiuf
  8326 | D:4      | Found Riedon's Armour Emporium.
  8356 | D:4      | Noticed Natasha
  8363 | D:4      | Killed Natasha
  8376 | D:4      | Found a shimmering blue altar of Sif Muna.
  8378 | D:4      | Found a hide-covered altar of Uskayaw.
  8397 | D:4      | Found a staircase to the Ecumenical Temple.
  8475 | D:4      | Found Zisumn's Antique Armour Shoppe.
  8492 | D:4      | Found Olutul's Armour Emporium.
  8519 | D:4      | Found Jetepn's Antique Armour Shop.
  8794 | D:4      | Noticed Natasha
  8933 | D:4      | Killed Natasha
  9038 | D:7      | Reached skill level 5 in Armour
  9274 | D:7      | Reached skill level 10 in Maces & Flails
  9594 | D:8      | Reached **** piety under Okawaru
  9666 | D:8      | Noticed a hornet
  9686 | D:8      | Killed a hornet
  9687 | D:8      | Reached XP level 10. HP: 57/64 MP: 11/13
 10204 | D:8      | You fall into a shaft and drop 1 floor!
 10348 | D:9      | Reached skill level 11 in Maces & Flails
 10981 | D:9      | Found a glowing silver altar of Zin.
 11140 | D:9      | Found a sacrificial altar of Ru.
 11261 | D:8      | Found a white marble altar of Elyvilon.
 11287 | D:8      | Reached ***** piety under Okawaru
 11476 | D:8      | Found a hazy altar of Hepliaklqana.
 11603 | D:9      | Found a staircase to the Orcish Mines.
 11728 | D:9      | Found an ancient bone altar of Kikubaaqudgha.
 11924 | D:9      | Reached skill level 12 in Maces & Flails
 12347 | D:10     | Entered Level 10 of the Dungeon
 12450 | D:10     | Found Emnenik's Jewellery Shop.
 12623 | D:4      | Bought a +2 plate armour of willpower for 400 gold pieces
 12833 | D:10     | Reached XP level 11. HP: 41/72 MP: 11/14
 13071 | D:10     | Reached skill level 10 in Fighting
 13286 | D:10     | Noticed a two-headed ogre
 13296 | D:10     | Killed a two-headed ogre
 13296 | D:10     | Identified the +1 scale mail of the Cricket {Rampage Will+
                  | Regen+} (Okawaru gifted it to you on level 10 of the
                  | Dungeon)
 13296 | D:10     | Received a gift from Okawaru
 13775 | D:11     | Noticed a death yak
 13775 | D:11     | Noticed a death yak
 13775 | D:11     | Noticed Grum
 13775 | D:11     | Found a staircase to the Lair.
 13782 | D:10     | Killed Grum
 13890 | D:11     | Reached skill level 13 in Maces & Flails
 14070 | D:11     | Noticed a two-headed ogre
 14308 | D:11     | Noticed a boulder beetle
 14313 | D:11     | Killed a two-headed ogre
 14339 | D:11     | Killed a boulder beetle
 14340 | D:11     | Reached skill level 5 in Invocations
 14413 | D:11     | Noticed a death yak
 14444 | D:11     | Killed a death yak
 14456 | D:11     | Killed a death yak
 14457 | D:11     | Reached XP level 12. HP: 71/79 MP: 8/16
 14469 | D:11     | Killed a death yak
 14975 | D:11     | Noticed a centaur warrior
 14991 | D:11     | Killed a centaur warrior
 15000 | D:11     | Identified the +6 falchion of Embarrassment {flame, rC+
                  | Str+3}
 15190 | Lair:1   | Entered Level 1 of the Lair of Beasts
 15325 | Lair:1   | Reached skill level 14 in Maces & Flails
 15699 | Lair:1   | Received a gift from Okawaru
 15801 | Lair:1   | Reached skill level 10 in Armour
 16415 | Lair:1   | Noticed a four-headed hydra
 16428 | Lair:1   | Killed a four-headed hydra
 16547 | Lair:1   | Identified the +7 spear "Muwkup" {spect, Fragile rPois
                  | Will+}
 16647 | Lair:2   | Noticed an eight-headed hydra
 16662 | Lair:2   | Killed an eight-headed hydra
 16867 | Lair:2   | You fall into a shaft and drop 2 floors!
 16867 | Lair:4   | Found a staircase to the Slime Pits.
 16891 | Lair:4   | Received a gift from Okawaru
 16892 | Lair:4   | Reached XP level 13. HP: 74/87 MP: 18/18
 16978 | Lair:3   | Found a staircase to the Swamp.
 17163 | Lair:3   | Received a gift from Okawaru
 18072 | Lair:3   | Noticed Fannar
 18094 | Lair:3   | Killed Fannar
 18827 | Lair:2   | Got the Essays on Ice and Accompaniment
 19136 | Lair:2   | Found a hole to the Spider Nest.
 20646 | Lair:4   | Reached skill level 5 in Dodging
 21176 | Lair:5   | Entered Level 5 of the Lair of Beasts
 21332 | Lair:4   | Identified the +0 pair of boots "Biruep" {Regen+ MP+9 Int-5
                  | SInv} (Okawaru gifted it to you on level 4 of the Lair of
                  | Beasts)
 21332 | Lair:4   | Received a gift from Okawaru
 21340 | Lair:4   | Gained mutation: Your large and strong wings let you fly.
                  | [Gargoyle growth]
 21340 | Lair:4   | Reached XP level 14. HP: 82/94 MP: 20/20
 21402 | Arena    | Entered the Arena
 22070 | Lair:4   | Reached skill level 10 in Invocations
 23136 | Orc:1    | Entered Level 1 of the Orcish Mines
 23506 | Orc:2    | Entered Level 2 of the Orcish Mines
 23738 | Orc:2    | Found a staircase to the Elven Halls.
 24027 | Orc:1    | Noticed an orc warlord
 24046 | Arena    | Entered the Arena
 24070 | Arena    | Killed an orc warlord
 24070 | Arena    | Received a gift from Okawaru
 24150 | Orc:1    | Reached XP level 15. HP: 76/101 MP: 22/22
 24194 | Orc:2    | Reached skill level 15 in Armour
 24367 | Orc:1    | Reached skill level 15 in Fighting
 24890 | Orc:2    | Found Zelopt Doxall's Magic Scroll Emporium.
 24895 | Orc:2    | Found Biloing's General Store.
 25040 | Orc:2    | Reached skill level 1 in Throwing
 25218 | Orc:2    | Reached skill level 5 in Throwing
 25268 | Orc:2    | Found Vaef's Antique Weapon Shop.
 25268 | Orc:2    | Found a one-way gate leading to the halls of Pandemonium.
 25268 | Orc:2    | Found Haxa's Jewellery Boutique.
 25416 | Orc:2    | Identified a scroll of acquirement
 25416 | Orc:2    | Acquired a manual of Throwing
 26008 | Spider:1 | Entered Level 1 of the Spider Nest
 26085 | Spider:1 | Received a gift from Okawaru
 26125 | Spider:1 | Received a gift from Okawaru
 26473 | Spider:1 | Noticed Nikola
 26500 | Spider:1 | Killed Nikola
 26953 | Spider:1 | Noticed a ghost moth
 26978 | Spider:1 | Killed a ghost moth
 27884 | Spider:2 | Received a gift from Okawaru
 28121 | Spider:2 | Noticed a ghost moth
 28142 | Spider:2 | Killed a ghost moth
 28142 | Spider:2 | Received a gift from Okawaru
 28143 | Spider:2 | Reached XP level 16. HP: 88/108 MP: 1/23
 28327 | Spider:2 | Reached ****** piety under Okawaru
 29279 | Spider:2 | Reached skill level 5 in Stealth
 29461 | Spider:2 | Received a gift from Okawaru
 29503 | Spider:3 | Noticed Aizul
 29533 | Spider:2 | Killed Aizul
 29534 | Spider:2 | Reached skill level 15 in Maces & Flails
 29874 | Spider:3 | Noticed Arachne
 29922 | Spider:2 | Identified the +5 great mace "Boedatt" {antimagic, rN+
                  | Will+++ rCorr Stlth-} (Okawaru gifted it to you on level 2
                  | of the Spider Nest)
 29922 | Spider:2 | Received a gift from Okawaru
 30431 | Spider:3 | Killed Arachne
 31245 | Spider:4 | Entered Level 4 of the Spider Nest
 31360 | Spider:3 | Identified the +6 battleaxe of the Holding Spider {spect,
                  | rElec} (Okawaru gifted it to you on level 3 of the Spider
                  | Nest)
 31360 | Spider:3 | Received a gift from Okawaru
 31898 | Arena    | Entered the Arena
 32106 | Spider:4 | Reached XP level 17. HP: 95/116 MP: 0/24
 32174 | Spider:4 | Reached skill level 16 in Maces & Flails
 32444 | Spider:4 | Received a gift from Okawaru
 32444 | Spider:4 | Found the +5 scythe "Finisher" {speed, eviscerate}
 32961 | Spider:4 | Found the +3 Mad Mage's Maulers {Infuse+∞ RegenMP Int-3}
 32969 | Spider:4 | Got a gossamer rune of Zot
 33504 | Swamp:1  | Entered Level 1 of the Swamp
 34556 | Swamp:1  | Reached skill level 17 in Maces & Flails
 34774 | Swamp:2  | Received a gift from Okawaru
 35191 | Swamp:2  | Received a gift from Okawaru
 35425 | Swamp:2  | Identified the +4 war axe "Empos" {protect, Str+4 Dex+5}
 36618 | Swamp:4  | Entered Level 4 of the Swamp
 36701 | Arena    | Entered the Arena
 36934 | Swamp:3  | Reached XP level 18. HP: 81/124 MP: 25/25
 37036 | Swamp:3  | Received a gift from Okawaru
 37044 | Swamp:3  | Reached skill level 18 in Maces & Flails
 37245 | Swamp:4  | Got a decaying rune of Zot
 37271 | Swamp:4  | Noticed the 27-headed Lernaean hydra
 38474 | D:13     | Found a gate to the Vaults.
 38598 | D:12     | Identified the +5 eveningstar "Kisaodd" {vorpal, Int+4}
                  | (Okawaru gifted it to you on level 12 of the Dungeon)
 38598 | D:12     | Received a gift from Okawaru
 38696 | D:13     | Reached skill level 19 in Maces & Flails
 39118 | D:13     | Noticed Erolcha
 39139 | D:13     | Killed Erolcha
 39192 | D:13     | Found Curul's Mass Market.
 39214 | D:13     | Noticed Maurice
 39223 | D:13     | Killed Maurice
 39261 | D:13     | Found Fag Qepn's Elemental Accessories.
 39616 | D:14     | Received a gift from Okawaru
 39664 | D:14     | Noticed Kirke
 39684 | D:14     | Killed Kirke
 39854 | D:14     | Found a frozen archway.
 39865 | IceCv    | Entered an ice cave
 39880 | IceCv    | Identified the +2 scale mail "Faqofik" {Rampage rC+++ Will-
                  | Int-5} (Okawaru gifted it to you in an ice cave)
 39880 | IceCv    | Received a gift from Okawaru
 39886 | IceCv    | Slain by an ettin simulacrum

Illustrated notes

Levels and vault maps discovered:
D:1:      minmay_arrival_up_and_down, layout_basic
D:2:      layout_loops_ring, shapermc_ecumenical_altar_ellora, uniq_jessica
D:3:      layout_basic, mainiacjoe_overflow_alcove_1, solitary_fountain,
          uniq_sigmund
D:4:      layout_loops_corners, mainiacjoe_overflow_big_doors,
          minmay_temple_entry_statues_pillars, serial_shops, shop,
          nicolae_shop_trees, nicolae_lakefront_shop,
          nicolae_shop_overgrown_old_shop, uniq_blork_the_orc,
          uniq_crazy_yiuf_cottage, uniq_menkaure, uniq_natasha
D:5:      layout_layer_cave, grunt_temple_overflow_lords_of_destruction,
          mainiacjoe_overflow_tiny_flanked, lemuel_coloured_pillars_altar
D:6:      layout_basic, lemuel_crystal_altar
D:7:      layout_loops_corners, uniq_joseph
D:8:      layout_loops_cross, mainiacjoe_overflow_six_doors_small,
          mainiacjoe_overflow_alcove_2, minmay_misc_feat_ornament
D:9:      layout_basic, lemuel_zombie_altar_kikubaaqudgha,
          mainiacjoe_overflow_small_starburst, hangedman_ru_absence,
          minmay_orc_entry_guard_dogs, minivault_25_ag, eino_jars
D:10:     layout_small_grid, serial_shops, shop
D:11:     minmay_blocky_corners, layout_loops_ring, dpeg_lair_monsters,
          small_chamber_with_monster, uniq_grum
D:12:     layout_loops_cross
D:13:     minmay_weird_star, layout_small_grid, david_vaults_3,
          nicolae_elemental_shop, corexii_mini_fake_secret_closet,
          minmay_shop_mass, einodemon_crawler_minivault, uniq_erolcha,
          uniq_maurice
D:14:     layout_long_grid, portal_ice_cave_entry_pillars_three,
          minmay_staircase_bubble, minivault_16, kb_rosetta, uniq_kirke
Temple:   hellmonk_temple_divided_pantheon
Lair:1:   cheibrodos_lair_river_kwai, layout_misc_corridors, special_room,
          serial_bayou_shore_b, serial_bayou_shore_a
Lair:2:   layout_hall_layers, nicolae_spider_entry_tight_spaces,
          serial_bayou_ford_a, nicolae_quartered_pool_little
Lair:3:   layout_regular_city, minmay_swamp_entry_swarm, minmay_holes,
          cheibrodos_lair_caveside_slide, nicolae_lair_liquid_snakes,
          uniq_fannar
Lair:4:   layout_loops_ring, minmay_slime_entry_pillars, roderic_batcave,
          nicolae_lair_yak_garden, serial_bayou_shore_b, lemuel_fruit_fields,
          lemuel_fruit_tree
Lair:5:   minmay_lair_end_frog_pond, layout_gridlike
Swamp:1:  layout_basic_swamp, evilmike_swamp_ruin_rubble_2
Swamp:2:  layout_basic_swamp, evilmike_swamp_ruin_rubble_1, swamp_pool1,
          wheals_swamp_sinkhole, nicolae_swamp_very_dense_foliage,
          infiniplex_staircase_pool
Swamp:3:  layout_basic_swamp, evilmike_swamp_ruin_house_3, swamp_pool2
Swamp:4:  swamp_alternative, layout_basic_swamp, gammafunk_ghost_hydra_chop
Spider:1: layout_chambers, drop_trap, uniq_nikola
Spider:2: layout_chambers, hangedman_spider_tarantella_strand
Spider:3: cheibrodos_forgotten_conduit, drop_trap, uniq_aizul, uniq_arachne
Spider:4: grunt_spider_rune_parallel, hangedman_stitches_earthworm
Orc:1:    layout_diamond_mine, guppyfry_orc_lava_fort
Orc:2:    pf_orc_diabolical, layout_diamond_mine, mines2_david
IceCv:    ice_cave_statue_garden_transporter

Skill      XL: |  1  2  3  4  5  6  7  8  9 10 11 12 13 14 15 16 17 18 |
---------------+-------------------------------------------------------+-----
Maces & Flails | 4 5 6 7 8 10 12 13 14 15 17 19 | 19.7
Fighting       | 4 5 6 7 8 9 10 12 13 14 15 16 17 18 | 18.0
Armour         | 1 3 5 7 9 10 13 14 15 16 17 | 17.0
Invocations    | 4 5 7 9 10 | 10.0
Dodging        | 3 5 7 |  7.0
Throwing       | 9 |  9.0
Stealth        | 4 7 |  7.0

Action                   |  1- 3 |  4- 6 |  7- 9 | 10-12 | 13-15 | 16-18 || total
-------------------------+-------+-------+-------+-------+-------+-------++-------
Melee: Mace              |   137 |   116 |   125 |       |       |       ||   378
       Punch             |     1 |     1 |     2 |    19 |       |       ||    23
       Whip              |       |       |   114 |       |       |       ||   114
       Flail             |       |       |   213 |   597 |       |       ||   810
       Dire flail        |       |       |       |   186 |  2277 |  1547 ||  4010
       Great mace        |       |       |       |       |       |   424 ||   424
 Fire: Sling             |       |    21 |       |       |       |       ||    21
Throw: Dart              |       |       |     5 |    11 |    18 |    93 ||   127
       Boomerang         |       |       |       |       |     9 |    52 ||    61
       Javelin           |       |       |       |       |       |     6 ||     6
Invok: Heroism           |       |       |     9 |    16 |    21 |    19 ||    65
       Finesse           |       |       |       |     5 |     8 |    12 ||    25
       Duel              |       |       |       |       |     2 |     2 ||     4
Evoke: Wand              |       |       |       |     1 |       |     5 ||     6
  Use: Potion            |       |     1 |     1 |     1 |       |     2 ||     5
       Scroll            |       |       |     8 |     9 |    12 |     4 ||    33
 Stab: Sleeping          |     3 |     3 |     4 |     5 |       |       ||    15
       Distracted        |       |     1 |     1 |       |       |       ||     2
       Petrified         |       |       |       |       |     6 |       ||     6
Armor: Robe              |    27 |       |       |       |       |       ||    27
       Ring mail         |    31 |    49 |   164 |    69 |       |       ||   313
       Plate armour      |       |       |       |   290 |  1461 |  1780 ||  3531
Dodge: Dodged            |    85 |    56 |   261 |   262 |   888 |  1071 ||  2623
